 Dungeon Crawl Stone Soup version 0.29-a0-997-gf6f7e2dfe7 (webtiles) character file.

Game seed: 2315453094756039144

40630 porpoise the Fencer (level 14, 0/166 HPs)
             Began as a Hill Orc Monk on Aug 4, 2022.
             Was the Champion of Elyvilon.
             Constricted to death by Jorgrun (2 damage)
             ... on level 12 of the Dungeon on Aug 5, 2022.
             The game lasted 01:48:41 (26951 turns).

porpoise the Fencer (Hill Orc Monk)                Turns: 26951, Time: 01:48:44

Health: 0/166      AC: 21    Str: 17    XL:     14   Next: 11%
Magic:  26/28      EV: 14    Int: 12    God:    Elyvilon [******]
Gold:   1068       SH:  0    Dex: 15    Spells: 13/13 levels left

rFire   . . .      SeeInvis .   a - +5 great sword (freeze)
rCold   . . .      Faith    +   (shield currently unavailable)
rNeg    . . .      Spirit   .   t - +0 acid dragon scales
rPois   .          Reflect  .   S - +1 helmet
rElec   .          Harm     .   g - +0 cloak of Vyr Aror {rCorr Int+2}
rCorr   +          Rampage  .   q - +2 pair of gloves {Stlth+}
Will    +....                   J - +0 pair of boots
Stlth   +++.......              v - amulet of faith
HPRegen 0.37/turn               o - +4 ring of protection
MPRegen 0.21/turn               s - +4 ring of evasion

@: mighty, divinely vigorous, grasped by roots, constricted
A: no striking features
a: Renounce Religion, Purification, Heal Other, Heal Self, Divine Vigour


You were on level 12 of the Dungeon.
You worshipped Elyvilon.
Elyvilon was exalted by your worship.
You visited 3 branches of the dungeon, and saw 17 of its levels.
You also visited: Sewer and Gauntlet.

You collected 1068 gold pieces.

Inventory:

Hand Weapons
 a - a +5 great sword of freezing (weapon)
 b - a +0 sling
 e - the +3 great mace of Innocence {speed, Contam rElec rCorr}
   (You found it in a Gauntlet)

   Attacks with this weapon are significantly faster.
   rElec:     It insulates you from electricity.
   Contam:    It causes magical contamination when unequipped.
   rCorr:     It protects you from acid and corrosion.
 w - a +1 scimitar of flaming
Missiles
 L - 4 curare-tipped darts
Armour
 g - the +0 cloak of Vyr Aror (worn) {rCorr Int+2}
   (You found it in a Gauntlet)

   Int:       It affects your intelligence (+2).
   rCorr:     It protects you from acid and corrosion.
 q - a +2 pair of gloves of stealth (worn)
 t - +0 acid dragon scales (worn)
 J - a +0 pair of boots (worn)
 S - a +1 helmet (worn)
Magical Staves
 l - a staff of cold
Jewellery
 o - a +4 ring of protection (left hand)
 p - a ring of ice
 s - a +4 ring of evasion (right hand)
 v - an amulet of faith (around neck)
 y - a ring of fire
Wands
 d - a wand of flame (61)
 i - a wand of mindburst (3) (quivered)
 r - a wand of acid (8)
 F - a wand of charming (5)
 G - a wand of iceblast (30)
Scrolls
 h - 6 scrolls of teleportation
 j - a scroll of vulnerability
 k - 4 scrolls of identify
 B - a scroll of fog
 C - a scroll of poison
 E - 3 scrolls of magic mapping
Potions
 c - 2 potions of ambrosia
 m - 5 potions of attraction
 n - a potion of flight
 u - a potion of invisibility
 x - 2 potions of haste
 Q - 3 potions of resistance
 W - 2 potions of lignification
Miscellaneous
 H - a box of beasts (inert)


   Skills:
 + Level 14.3 Fighting
 + Level 16.4 Long Blades
 + Level 8.8 Armour
 - Level 5.2 Dodging
 - Level 1.5 Stealth
 - Level 12.0 Invocations
 - Level 7.0 Evocations


You had 13 spell levels left.
You didn't know any spells.
Your spell library contained the following spells:

 Spells                   Type           Power      Damage    Failure   Level
 Apportation              Tloc           0%         N/A       38%         1
 Foxfire                  Conj/Fire      0%         2x1d4     38%         1
 Magic Dart               Conj           0%         1d3       38%         1
 Necrotise                Necr           0%         1d4       38%         1
 Summon Small Mammal      Summ           0%         N/A       38%         1
 Call Imp                 Summ           0%         N/A       54%         2
 Poisonous Vapours        Pois/Air       0%         N/A       54%         2
 Conjure Flame            Conj/Fire      0%         6-21      77%         3
 Inner Flame              Hex/Fire       0%         N/A       77%         3
 Mephitic Cloud           Conj/Pois/Air  0%         N/A       77%         3
 Ozocubu's Armour         Ice            0%         N/A       77%         3
 Anguish                  Hex/Necr       0%         N/A       99%         4
 Animate Armour           Summ/Erth      0%         N/A       99%         4
 Corpse Rot               Necr/Pois/Air  0%         N/A       99%         4
 Flame Wave               Conj/Fire      0%         2d4       99%         4
 Alistair's Intoxication  Tmut/Pois      0%         N/A       100%        5
 Blade Hands              Tmut           0%         N/A       100%        5
 Borgnjor's Vile Clutch   Necr/Erth      0%         N/A       100%        5
 Eringya's Noxious Bog    Tmut/Pois      0%         N/A       100%        6
 Iron Shot                Conj/Erth      0%         9d1       100%        6
 Enfeeble                 Hex            0%         N/A       100%        7
 Ozocubu's Refrigeration  Ice            0%         4d7       100%        7


Dungeon Overview and Level Annotations

Branches:
Dungeon (12/15)            Temple (1/1) D:4            Lair (4/5) D:8
  Swamp (0/4) Lair:2       Spider (0/4) Lair:2        Slime (0/5) Lair:4
    Orc (0/2) D:11          Sewer (visited)         Gauntlet (visited)

Altars:
Ashenzari
Cheibriados
Dithmenos
Elyvilon
Fedhas
Gozag
Hepliaklqana
Kikubaaqudgha
Makhleb
Nemelex Xobeh
Okawaru
Qazlal
Ru
Sif Muna
Trog
Uskayaw
Vehumet
Wu Jian
Xom
Yredelemnul
Zin
The Shining One
Jiyva

Annotations:
D:6 dig
D:12 Jorgrun


Message History

Jorgrun hits you but does no damage. Jorgrun shatters you!
The grasping roots constrict you!
You completely miss Jorgrun.
Jorgrun is moderately wounded.
Jorgrun barely misses you. The grasping roots constrict you!
You miss Jorgrun.
Jorgrun is moderately wounded.
Jorgrun closely misses you. The grasping roots constrict you!
You barely miss Jorgrun.
Jorgrun is moderately wounded.
Jorgrun closely misses you. The grasping roots constrict you.
You slash Jorgrun! You freeze Jorgrun!
Jorgrun is heavily wounded.
Jorgrun hits you but does no damage. The grasping roots constrict you.
You slice Jorgrun!! You freeze Jorgrun!
Jorgrun is severely wounded.
Jorgrun hits you with a staff of earth!
* * * LOW HITPOINT WARNING * * *
Jorgrun shatters you!
* * * LOW HITPOINT WARNING * * *
The grasping roots constrict you.
You are healed.
Jorgrun hits you with a staff of earth. The grasping roots constrict you.
You barely miss Jorgrun.
Jorgrun is severely wounded.
Jorgrun points at you and mumbles some strange words.
The iron shot hits you!!!
* * * LOW HITPOINT WARNING * * *
The grasping roots constrict you.
You feel better. Jorgrun hits you with a staff of earth.
* * * LOW HITPOINT WARNING * * *
The grasping roots constrict you! Elyvilon protects you from harm!
Elyvilon grants you divine vigour.
The kobold shouts!
Jorgrun points at you and mumbles some strange words.
The iron shot hits you!
* * * LOW HITPOINT WARNING * * *
The grasping roots constrict you.
You die...

##.........^#.....## #.##.#.##
#.##.......K......###.##....####
#.##..........<....##.####..##..
#..................##.# #..##.#
###................##.# #.....#
#.H..............##.####......
##.).............##.#....###..
#gK.........[g.......#### #..
#..)..<.#...@........### #..
#...###.#.#...###......#####.
........#.........###.#.._...#
##
......#.#.###.###.##..##.....##
......#.. #..##.##.#######..#
.......... #........# ##.###
......#... ####....## #...#
......##.. ##....# ###.. ......#
#....# ##.


You could see Jorgrun and a kobold.

Vanquished Creatures
  A minotaur (Gauntlet)
  Fannar (D:11)
  A boulder beetle (Lair:4)
  5 hydras
  Erica (D:11)
  3 two-headed ogres
  2 catoblepae
  10 death yaks
  An orb spider (Lair:2)
  3 bog bodies (Lair:2)
  Pikel (D:7)
  2 ugly things
  2 manticores
  A black mamba (Lair:2)
  A gargoyle (D:10)
  Maggie (Lair:1)
  9 cane toads
  A rime drake (Lair:1)
  6 komodo dragons
  6 trolls
  3 meliai (Gauntlet)
  2 polar bears
  2 slime creatures (Gauntlet)
  Eustachio (D:4)
  7 wyverns
  A wraith (D:10)
  14 yaks
  4 vampire mosquitoes (D:12)
  2 steam dragons
  3 basilisks
  A swamp worm (Lair:2)
  Edmund (D:6)
  12 water moccasins
  2 acid dragons
  2 orc warriors
  A sky beast (D:4)
  An ogre (D:5)
  4 wolves (Lair:2)
  A centaur (D:9)
  2 lemures
  7 kobold brigands
  11 bullfrogs
  3 gnoll sergeants
  3 scorpions
  15 wights
  10 killer bees (D:8)
  4 electric eels
  4 hounds
  5 jellies
  4 orc priests
  Crazy Yiuf (D:4)
  Ijyb (D:4)
  Natasha (thrice) (D:4)
  3 gnoll boudas
  An iguana (D:7)
  9 orc wizards
  7 hell rats (Lair:3)
  21 gnolls
  4 adders
  2 white imps
  A worm (D:3)
  2 dart slugs (D:1)
  22 orcs
  18 ball pythons
  17 endoplasms
  17 giant cockroaches
  10 goblins
  10 hobgoblins
  7 jackals
  43 kobolds
  13 quokkas
  6 bats
  8 frilled lizards
  9 rats
425 creatures vanquished.

Vanquished Creatures (collateral kills)
  A death yak (Lair:2)
  A hydra simulacrum (Gauntlet)
  A kobold (D:12)
3 creatures vanquished.

Vanquished Creatures (others)
  A kobold demonologist (D:12)
  A troll (D:12)
  A centaur simulacrum (Gauntlet)
  6 yaks
  A harpy simulacrum (Gauntlet)
  A bullfrog (Lair:2)
  A gnoll bouda (D:8)
  2 gnolls (D:6)
  2 orcs (D:8)
  4 bushes (D:8)
  14 demonic plants (Gauntlet)
  19 fungi
  51 plants
104 creatures vanquished.

Grand Total: 532 creatures vanquished

Notes
Turn   | Place    | Note
-------+----------+-------------------------------------------
     0 | D:1      | porpoise the Hill Orc Monk began the quest for the Orb.
     0 | D:1      | Reached XP level 1. HP: 19/19 MP: 1/1
   134 | D:1      | Reached XP level 2. HP: 24/27 MP: 2/2
   528 | D:1      | Reached skill level 4 in Long Blades
   667 | D:1      | Reached XP level 3. HP: 25/33 MP: 3/3
   814 | D:1      | Found a faded altar of an unknown god.
  2122 | D:3      | Reached XP level 4. HP: 39/41 MP: 4/4
  2196 | D:3      | Found a glowing drain.
  2239 | Sewer    | Entered a sewer
  2371 | Sewer    | Reached skill level 5 in Long Blades
  2998 | Sewer    | Reached XP level 5. HP: 47/47 MP: 5/5
  3282 | Sewer    | Reached skill level 5 in Fighting
  3282 | Sewer    | Reached skill level 6 in Long Blades
  3362 | Sewer    | Reached XP level 6. HP: 55/56 MP: 6/6
  4352 | D:4      | Noticed Ijyb
  4353 | D:4      | Found a staircase to the Ecumenical Temple.
  4353 | D:4      | Identified the +7 mace of Qokkidiu {freeze, rN+ Will-
                  | Str+8}
  4361 | D:4      | Killed Ijyb
  4445 | Temple   | Entered the Ecumenical Temple
  4527 | Temple   | Became a worshipper of Elyvilon the Healer
  4527 | Temple   | Reached * piety under Elyvilon
  4527 | Temple   | Reached ** piety under Elyvilon
  4645 | D:4      | Found an ornate altar of the Wu Jian Council.
  4654 | D:4      | Noticed Natasha
  4668 | D:4      | Killed Natasha
  4767 | D:4      | Noticed Eustachio
  4811 | D:4      | Killed Eustachio
  4812 | D:4      | Reached skill level 7 in Long Blades
  4812 | D:4      | Reached XP level 7. HP: 55/63 MP: 7/7
  4940 | D:4      | Noticed Natasha
  4950 | D:4      | Killed Natasha
  4981 | D:4      | Reached skill level 8 in Long Blades
  4996 | D:4      | Noticed Natasha
  5009 | D:4      | Killed Natasha
  5293 | D:4      | Found a runed translucent door.
  5294 | D:4      | Noticed Crazy Yiuf
  5528 | D:4      | Killed Crazy Yiuf
  5584 | D:5      | Entered Level 5 of the Dungeon
  5622 | D:5      | Noticed a steam dragon
  5647 | D:5      | Killed a steam dragon
  5648 | D:5      | Reached XP level 8. HP: 31/73 MP: 8/8
  5882 | D:5      | Found a shimmering blue altar of Sif Muna.
  6133 | D:5      | Reached skill level 1 in Invocations
  6246 | D:5      | Reached skill level 1 in Armour
  6376 | D:5      | Reached skill level 9 in Long Blades
  6556 | D:5      | Reached *** piety under Elyvilon
  6817 | D:6      | Found a snail-covered altar of Cheibriados.
  7094 | D:6      | Found a basalt altar of Yredelemnul.
  7117 | D:6      | Noticed a hornet
  7120 | D:6      | Pacified a hornet
  7121 | D:6      | Reached XP level 9. HP: 75/79 MP: 9/12
  7225 | D:6      | Noticed Edmund
  7238 | D:6      | Killed Edmund
  7239 | D:6      | Reached skill level 5 in Invocations
  7894 | D:6      | Reached skill level 10 in Long Blades
  8314 | D:7      | Reached skill level 5 in Armour
  8515 | D:7      | Found a shadowy altar of Dithmenos.
  8515 | D:7      | Found a shimmering altar of Xom.
  8547 | D:7      | Found an iron altar of Okawaru.
  8742 | D:7      | Found a stormy altar of Qazlal.
  8860 | D:7      | Noticed Pikel
  8881 | D:7      | Killed Pikel
  9261 | D:8      | Found a sacrificial altar of Ru.
  9459 | D:8      | Reached skill level 11 in Long Blades
  9459 | D:8      | Reached XP level 10. HP: 71/86 MP: 12/16
  9556 | D:8      | Upgraded the game from 0.29-a0-994-gc5c9f59d18 to
                  | 0.29-a0-997-gf6f7e2dfe7
 10886 | D:8      | Reached **** piety under Elyvilon
 10891 | D:8      | Found a staircase to the Lair.
 11198 | D:8      | Reached skill level 12 in Long Blades
 12876 | D:9      | Reached XP level 11. HP: 81/88 MP: 14/17
 12944 | D:9      | Noticed a lindwurm
 13176 | D:9      | Noticed a lindwurm
 13180 | D:9      | Noticed a lindwurm
 13284 | D:10     | Entered Level 10 of the Dungeon
 13384 | D:10     | Reached skill level 10 in Fighting
 13512 | D:10     | Reached skill level 13 in Long Blades
 13535 | D:10     | Noticed a two-headed ogre
 13546 | D:10     | Killed a two-headed ogre
 14534 | Lair:1   | Entered Level 1 of the Lair of Beasts
 15405 | Lair:1   | Noticed a six-headed hydra
 15416 | Lair:1   | HP: 5/102 [six-headed hydra (10)]
 15419 | Lair:1   | Killed a six-headed hydra
 15800 | Lair:1   | Reached skill level 14 in Long Blades
 15823 | Lair:1   | Reached ***** piety under Elyvilon
 16129 | Lair:1   | Noticed Maggie
 16137 | Lair:1   | Killed Maggie
 16272 | Lair:1   | Reached skill level 1 in Evocations
 16886 | D:11     | Found a staircase to the Orcish Mines.
 16988 | D:11     | Noticed a manticore
 16994 | D:11     | Killed a manticore
 16995 | D:11     | Reached XP level 12. HP: 104/112 MP: 19/19
 17269 | D:11     | Reached skill level 10 in Invocations
 17352 | D:11     | Noticed Erica
 17378 | D:11     | Killed Erica
 17999 | D:11     | Noticed Fannar
 18016 | D:11     | Killed Fannar
 18829 | Lair:2   | Reached ****** piety under Elyvilon
 19243 | Lair:2   | Noticed a death yak
 19257 | Lair:2   | Killed a death yak
 19258 | Lair:2   | Reached skill level 5 in Dodging
 19293 | Lair:2   | Noticed a death yak
 19294 | Lair:2   | Noticed a death yak
 19296 | Lair:2   | Noticed a death yak
 19314 | Lair:2   | Killed a death yak
 19314 | Lair:2   | Noticed a death yak
 19322 | Lair:2   | Killed a death yak
 19331 | Lair:2   | Killed a death yak
 19332 | Lair:2   | Reached skill level 5 in Evocations
 19570 | Lair:2   | Killed a death yak
 19781 | Lair:2   | Found a staircase to the Swamp.
 20174 | Lair:2   | Found a hole to the Spider Nest.
 20453 | Lair:3   | Found a gate leading to a gauntlet.
 20463 | Gauntlet | Entered a Gauntlet
 20463 | Gauntlet | Found a transporter.
 20463 | Gauntlet | Found a transporter.
 20467 | Gauntlet | Found a transporter.
 20467 | Gauntlet | Found a transporter.
 20467 | Gauntlet | Noticed a tengu warrior
 20476 | Gauntlet | Found a transporter.
 20501 | Gauntlet | Found a transporter.
 20505 | Gauntlet | Found a transporter.
 20505 | Gauntlet | Found a transporter.
 20509 | Gauntlet | Found a transporter.
 20514 | Gauntlet | Found the +8 autumn katana {vorpal, manifold assault}
 20536 | Gauntlet | Found a transporter.
 20543 | Gauntlet | Found a transporter.
 20561 | Gauntlet | Found a transporter.
 20565 | Gauntlet | Found a large runed translucent door.
 20601 | Gauntlet | Found a transporter.
 20619 | Gauntlet | Found a transporter.
 20717 | Gauntlet | Found a transporter.
 20719 | Gauntlet | Found a large runed translucent door.
 20719 | Gauntlet | Found a large runed translucent door.
 20720 | Gauntlet | Found a large runed translucent door.
 20720 | Gauntlet | Found a large runed translucent door.
 20721 | Gauntlet | Found a large runed translucent door.
 20721 | Gauntlet | Found a runed translucent door.
 20721 | Gauntlet | Found a runed translucent door.
 20721 | Gauntlet | Found a large runed translucent door.
 20721 | Gauntlet | Found a large runed translucent door.
 20722 | Gauntlet | Found a large runed translucent door.
 20722 | Gauntlet | Found a large runed translucent door.
 20725 | Gauntlet | Found a large runed translucent door.
 20725 | Gauntlet | Found a large runed translucent door.
 20727 | Gauntlet | Found a large runed translucent door.
 20727 | Gauntlet | Found a large runed translucent door.
 20727 | Gauntlet | Found a large runed translucent door.
 20729 | Gauntlet | Found a runed translucent gate.
 20729 | Gauntlet | Found a runed translucent gate.
 20729 | Gauntlet | Found a runed translucent gate.
 20731 | Gauntlet | Found a transporter.
 20742 | Gauntlet | Found a large runed translucent door.
 20829 | Gauntlet | Reached XP level 13. HP: 119/119 MP: 22/22
 21100 | Gauntlet | Identified the +0 cloak of Vyr Aror {rCorr Int+2}
 21421 | Gauntlet | Reached skill level 15 in Long Blades
 21652 | Gauntlet | Identified the +3 great mace of Innocence {speed, Contam
                  | rElec rCorr}
 21670 | Gauntlet | Noticed a minotaur
 21679 | Gauntlet | HP: 1/122 [minotaur/staff of poison (10)]
 21679 | Gauntlet | Elyvilon protects you from harm!
 21680 | Gauntlet | Elyvilon protects you from harm!
 21683 | Gauntlet | Killed a minotaur
 23382 | Lair:4   | Found a shadowy altar of Dithmenos.
 23474 | Lair:4   | HP: 5/124 [death yak (16)]
 24392 | Lair:4   | HP: 5/124 [boulder beetle (14)]
 24912 | Lair:4   | Found a staircase to the Slime Pits.
 24913 | Lair:4   | Found a viscous altar of Jiyva.
 24955 | Lair:4   | Reached skill level 16 in Long Blades
 26055 | D:12     | Reached XP level 14. HP: 125/132 MP: 23/23
 26192 | D:12     | Found a burning altar of Makhleb.
 26558 | D:12     | Noticed Jorgrun
 26949 | D:12     | HP: 1/133 [Jorgrun/iron shot (44)]
 26950 | D:12     | Elyvilon protects you from harm!
 26951 | D:12     | Constricted to death by Jorgrun

Illustrated notes

Levels and vault maps discovered:
D:1:      sevenhm_arrival_forest_fort_small_3, layout_rooms,
          dilly_ecumenical_altar_fadedgnrine, minmay_misc_feat_enclosed,
          minmay_quantized
D:2:      layout_loops_corners, serial_bayou_pond_b, minmay_distorted
D:3:      layout_basic, portal_sewer_entry_f, minmay_misc_feat_roman
D:4:      layout_cave_pools, mainiacjoe_overflow_tiny_flanked,
          minmay_temple_entry_large_hall, uniq_ijyb, uniq_crazy_yiuf_cottage,
          uniq_eustachio, uniq_natasha
D:5:      layout_basic, lemuel_crystal_altar, minmay_misc_feat_plants,
          nicolae_grassy_gnolls
D:6:      layout_basic, kennysheep_mini_moat, kennysheep_slug_shrine,
          serial_glass, glass_columns_a, glass_columns_a, glass_columns_b,
          glass_columns_c, minmay_strange_pillars, due_unseen_surprise,
          minmay_strange_pillars, chequers_serial_rivers_large_a, uniq_edmund
D:7:      layout_basic, lemuel_doored_altar,
          gammafunk_temple_overflow_forgotten, uniq_pikel
D:8:      layout_basic, nicolae_ru_great_annihilating_truth,
          minmay_lair_entry_grove, amcnicky_mini_pool_medium
D:9:      layout_roguey, minmay_lindwurm_lava
D:10:     layout_loops_ring
D:11:     layout_basic, orc_0_dummy, uniq_erica, uniq_fannar
D:12:     layout_rooms, bloody_makhleb, uniq_jorgrun
Temple:   nicolae_temple_ecumenical_triangle
Lair:1:   layout_long_grid, uniq_maggie
Lair:2:   layout_chaotic_city, nicolae_swamp_entry_splash_gauntlet,
          nicolae_spider_entry_orb_guardian, nicolae_quartered_pool_impasse,
          infiniplex_staircase_pool_2
Lair:3:   layout_loops_ring, gauntlet_entry_generic, infiniplex_staircase_pool
Lair:4:   nzn_motion_control, layout_gridlike, slime_entry_1, basic_altar

Skill      XL: |  1  2  3  4  5  6  7  8  9 10 11 12 13 |
---------------+----------------------------------------+-----
Fighting       | 4 5 6 7 9 12 14 | 14.3
Long Blades    | 4 5 6 7 8 9 11 12 14 16 | 16.4
Invocations    | 4 8 9 12 | 12.0
Armour         | 3 6 7 8 |  8.8
Dodging        | 3 5 |  5.2
Evocations     | 1 5 7 |  7.0
Stealth        | |  1.5

Action                   |  1- 3 |  4- 6 |  7- 9 | 10-12 | 13-15 || total
-------------------------+-------+-------+-------+-------+-------++-------
Melee: Falchion          |   140 |   306 |   465 |    77 |       ||   988
       Punch             |       |     5 |     7 |     6 |     1 ||    19
       Mace              |       |     6 |       |     5 |       ||    11
       Long sword        |       |       |       |   234 |       ||   234
       Great sword       |       |       |       |   269 |   236 ||   505
       Scimitar          |       |       |       |       |    22 ||    22
 Fire: Sling             |       |       |     1 |     4 |    12 ||    17
Throw: Dart              |       |       |    10 |     3 |     2 ||    15
       Boomerang         |       |       |    10 |       |       ||    10
Invok: Heal Other        |       |       |    14 |     7 |     4 ||    25
       Heal Self         |       |       |       |       |     1 ||     1
       Divine Vigour     |       |       |       |       |     1 ||     1
Evoke: Wand              |       |       |     4 |    15 |    12 ||    31
       Box of beasts     |       |       |       |       |     1 ||     1
  Use: Scroll            |     8 |     2 |     5 |     9 |     4 ||    28
       Potion            |       |     2 |     1 |    11 |     6 ||    20
 Stab: Sleeping          |     5 |     5 |     1 |       |     6 ||    17
       Distracted        |     1 |       |       |       |       ||     1
       Invisible         |       |     4 |       |       |     4 ||     8
Armor: Robe              |     9 |       |       |       |       ||     9
       Leather armour    |    25 |   104 |       |       |       ||   129
       Ring mail         |       |    47 |   163 |   128 |       ||   338
       Skin              |       |       |       |    24 |       ||    24
       Acid dragon scale |       |       |       |    30 |    91 ||   121
Dodge: Dodged            |    79 |   225 |   307 |   347 |   181 ||  1139

Table legend: (Time is in decaauts)
 A = Elapsed time spent in this place.
 B = Non-inter-level travel time spent in this place.
 C = Inter-level travel time spent in this place.
 D = Time resting spent in this place.
 E = Time spent auto-exploring this place.
 F = Levels seen in this place.
 G = Mean time per level.
                   A        B        C        D        E       F      G
               +--------+--------+--------+--------+--------+-----+--------+
         Total |  26912 |  25974 |    938 |  10187 |  10425 |  19 | 1416.4 |
       Dungeon |  15925 |  15235 |    690 |   4758 |   7218 |  12 | 1327.1 |
        Temple |     91 |     82 |      9 |      0 |     53 |   1 |   91.0 |
          Lair |   7755 |   7517 |    238 |   3584 |   2718 |   4 | 1938.8 |
         Sewer |   1364 |   1364 |      0 |    707 |    159 |   1 | 1364.0 |
      Gauntlet |   1775 |   1775 |      0 |   1137 |    276 |   1 | 1775.0 |
               +--------+--------+--------+--------+--------+-----+--------+

Top non-repeatable levels by time:
     D:8: 3277 daAuts
  Lair:1: 2525 daAuts
  Lair:3: 1884 daAuts
    D:11: 1783 daAuts
Gauntlet: 1775 daAuts
  Lair:4: 1746 daAuts
  Lair:2: 1598 daAuts
   Sewer: 1364 daAuts
     D:6: 1323 daAuts
     D:2: 1156 daAuts
     D:4: 1139 daAuts
    D:10: 1118 daAuts
     D:5: 1106 daAuts
     D:7: 1071 daAuts
     D:9: 1031 daAuts
